Map: Catalyst LE

Players

Shyrshadi

  • Race: Protoss Protoss
  • League: Diamond
  • Spawn Location: 5:00

A.I. 1 (Elite) - Winner!

  • Race: Protoss Protoss
  • Spawn Location: 11:00

VOD

Have the link to the VOD?

Description

Time

  • Played on: Dec. 1, 2017, 11:11 a.m.
  • Length: 4:36
Show
View Real Time Build Order
Export as new Build Order

Shyrshadi Protoss 

Build Orders:  

Get SALT Encoding   

  12  0:00  Probe  
  13  0:13  Probe  
  14  0:17  Pylon  
  14  0:25  Probe (Chrono Boost)  
  15  0:37  Probe (Chrono Boost)  
  15  0:41  Gateway  
  17  0:46  Probe (Chrono Boost)  
  17  0:48  Assimilator  
  17  0:51  Probe  
  18  0:57  Assimilator  
  18  1:03  Probe (Chrono Boost)  
  20  1:13  Probe (Chrono Boost)  
  20  1:14  Gateway  
  20  1:17  Probe  
  21  1:28  Cybernetics Core  
  21  1:30  Probe  
  22  1:38  Pylon  
  22  1:42  Probe  
  23  1:56  Probe  
  24  2:05  Warp Gate (Chrono Boost), Stalker x2  
  28  2:16  Pylon  
  28  2:35  Adept x2  
  32  2:51  Nexus  
  32  3:02  Sentry  
  32  3:03  Sentry  
  36  3:12  Probe  
  37  3:15  Pylon  
  37  3:18  Twilight Council  
  37  3:32  Probe  
  38  3:45  Probe  
  39  3:58  Probe  
  39  4:00  Stalker x2  
  44  4:08  Robotics Facility  
  44  4:11  Probe x2 (Chrono Boost)  
  46  4:22  Probe x2 (Chrono Boost)  
Show
View Real Time Build Order
Export as new Build Order

A.I. 1 (Elite) Protoss - Winner!

Build Orders:  

Get SALT Encoding   

  12  0:00  Probe  
  13  0:13  Probe  
  14  0:21  Pylon  
  14  0:25  Probe  
  15  0:39  Probe  
  16  0:48  Assimilator  
  16  0:51  Gateway, Probe  
  17  1:01  Pylon  
  17  1:03  Probe  
  18  1:15  Probe  
  19  1:27  Probe  
  20  1:38  Zealot, Cybernetics Core  
  20  1:39  Probe  
  23  1:41  Gateway  
  23  1:52  Pylon, Probe  
  24  2:04  Probe  
  24  2:05  Zealot  
  24  2:07  Assimilator  
  27  2:16  Probe  
  27  2:17  Warp Gate  
  28  2:28  Probe, Adept  
  31  2:32  Adept  
  33  2:40  Probe  
  33  2:48  Robotics Facility  
  33  2:52  Probe  
  33  2:56  Adept  
  36  3:02  Adept  
  38  3:11  Pylon, Probe  
  39  3:29  Adept  
  39  3:30  Sentry  
  43  3:36  Immortal  
  47  3:43  Pylon  
  47  4:01  Stalker x2  
  51  4:04  Pylon  
  55  4:32  Pylon  
Tags
 
League
Diamond
Matchup
PvP
Spawn Locations
Cross Positions
Add a new tag
Caveats
  • Supply blocks, unpowered buildings, or Contaminate may cause inaccurate times.
  • Supply counts are checked every 10 seconds.